AoeStats
← Kez

Nomad

507295693Analyzed
3v3 RM · 14d ago on Sep 17, 2026· 37m 1s· 6 players
Game mode
Random Map
Map size
210×210
Population
200
Speed
Normal
Resources
Standard
Victory
Conquest
Starting age
Dark Age
Ending age
Imperial Age
RankedLock teamsTeams togetherTeam positionsShared explorationLock speedFull tech treeHidden civsTurbo modeCheats
Victory
Defeat
🇲🇽 Saracens · Mexico
1432
+11
🇺🇸 Italians · United States
1427
+11
🇭🇰 Persians · Hong Kong SAR China
1317
+16
🇨🇱 Maya · Chile
1327
-13
🇳🇱 Bulgarians · Netherlands
1318
-13
🇧🇷 Saracens · Brazil
1299
-12
Kez
4:02 Loom
13:57 Feudal Age
19:21 Castle Age
17:24 Arson
17:39 Double-Bit Axe
18:54 Fishing Lines
20:51 Squires
22:02 Pikeman
23:16 Gillnets
25:52 Scale Mail Armor
25:34 Horse Collar
29:40 Wheelbarrow
30:28 Gold Mining
32:25 Bow Saw
36:59 Imperial Age
maximilianoshopify
4:16 Loom
13:24 Feudal Age
15:18 Wheelbarrow
15:29 Fletching
16:22 Padded Archer Armor
18:38 Wheelbarrow
20:25 Castle Age
19:51 Padded Archer Armor
20:10 Double-Bit Axe
20:19 Gold Mining
20:49 Fishing Lines
21:52 Gillnets
22:15 Bow Saw
21:30 Crossbowman
22:22 Bodkin Arrow
24:40 Hand Cart
24:42 Bow Saw
26:41 Elite Skirmisher
30:24 Leather Archer Armor
36:34 Imperial Age
joao8173719
6:15 Loom
14:01 Feudal Age
14:58 Double-Bit Axe
16:05 Fletching
21:12 Castle Age
25:26 Bodkin Arrow
28:02 Horse Collar
33:09 Wheelbarrow
[SotC ]Risck
5:00 Loom
13:11 Feudal Age
17:34 Castle Age
16:10 Double-Bit Axe
18:44 Bow Saw
20:05 Scale Barding Armor
32:34 Wheelbarrow
33:33 Gold Mining
38:40 Imperial Age
36:30 Fletching
36:41 Scale Mail Armor
36:54 Forging
37:57 Chain Barding Armor
Exalted_Problem
4:20 Loom
14:16 Feudal Age
22:37 Fletching
23:37 Fletching
27:20 Castle Age
26:48 Fletching
27:47 Padded Archer Armor
27:52 Crossbowman
29:56 Bodkin Arrow
34:29 Padded Archer Armor
DOG
5:22 Loom
15:00 Feudal Age
15:35 Double-Bit Axe
15:38 Fishing Lines
18:25 Castle Age
19:06 Scale Barding Armor
19:13 Forging
19:44 Wheelbarrow
20:10 Bloodlines
20:38 Bow Saw
20:52 Gillnets
21:11 Town Watch
22:59 Medium Warships
24:10 Horse Collar
27:45 Hand Cart
28:37 Gold Mining
29:09 Chain Barding Armor
30:53 Fletching
31:38 Iron Casting
35:56 Imperial Age
33:01 Light Cavalry
33:42 Husbandry
33:39 Bodkin Arrow
34:23 Gold Shaft Mining
34:08 Stone Mining
34:21 Town Patrol
35:41 Cavalier
37:13 Plate Barding Armor
38:11 Blast Furnace
Connection lost

Rejoining the realm…

Still unreachable

The connection could not be restored.

Session expired

The server has moved on; the page needs a fresh start.